 Dungeon Crawl Stone Soup version 0.29.1 (webtiles) character file.

Game seed: 10299596059036012496

23 Ordine the Shooter (level 3, -1/21 HPs)
             Began as a Tengu Hunter on Sept 13, 2022.
             Frozen to death by an endoplasm (4 damage)
             ... on level 1 of the Dungeon.
             The game lasted 00:01:50 (423 turns).

Ordine the Shooter (Tengu Hunter)                    Turns: 423, Time: 00:01:50

Health: -1/21      AC:  3    Str: 11    XL:     3   Next: 0%
Magic:  4/4        EV: 12    Int:  9    God:
Gold:   16         SH:  0    Dex: 19    Spells: 2/2 levels left

rFire   . . .      SeeInvis .   a - +0 shortbow
rCold   . . .      Faith    .   (shield currently unavailable)
rNeg    . . .      Spirit   .   c - +0 leather armour
rPois   .          Reflect  .   (helmet restricted)
rElec   .          Harm     .   (no cloak)
rCorr   .          Rampage  .   (no gloves)
Will    .....                   (boots unavailable)
Stlth   ++........              (no amulet)
HPRegen 0.07/turn               (no ring)
MPRegen 0.09/turn               (no ring)

@: no status effects
A: beak, talons 3
a: no special abilities


You were on level 1 of the Dungeon.
You visited 1 branch of the dungeon, and saw 1 of its levels.

You collected 16 gold pieces.

Inventory:

Hand Weapons
 a - a +0 shortbow (weapon)
Armour
 c - a +0 leather armour (worn)
Scrolls
 b - a scroll of immolation
 e - a scroll of identify {unknown}
 f - a scroll of enchant weapon {unknown}
 g - a scroll of teleportation {unknown}
 h - 2 scrolls of torment {unknown}
Potions
 d - a potion of might {unknown}


   Skills:
 + Level 2.3 Fighting
 * Level 4.8 Ranged Weapons
 + Level 2.5 Dodging
 + Level 1.5 Stealth


You had 2 spell levels left.
You didn't know any spells.
Your spell library was empty.

Dungeon Overview and Level Annotations

Branches:
Dungeon (1/15)

Altars:


Innate Abilities, Weirdness & Mutations

You have a beak for a mouth.
You have claws for feet.


Message History

You are too injured to fight recklessly!
The endoplasm attacks as you move away! The endoplasm hits you.
Really attack while wielding your +0 shortbow? [Y]es or [N]o only, please.
Really attack while wielding your +0 shortbow?
Okay, then.
Unknown command.
You are too injured to fight recklessly!
Fire: a) +0 shortbow
Press: ? - help, Q - select action Shift-Dir - straight line, f/p - endoplasm
Aim: an endoplasm (87% to hit)
You shoot an arrow. The arrow hits the endoplasm!
You kill the endoplasm!
The goblin misses you.
Fire: a) +0 shortbow
Press: ? - help, Q - select action Shift-Dir - straight line, f - goblin
Aim: a goblin, wielding a +0 club (56% to hit)
You shoot an arrow. The arrow closely misses the goblin.
The goblin completely misses you.
Unknown command.
Fire: a) +0 shortbow
Press: ? - help, Q - select action Shift-Dir - straight line, f/p - goblin
Aim: a goblin, wielding a +0 club (56% to hit)
You shoot an arrow. The arrow hits the goblin!
You kill the goblin!
You have reached level 3!
Your experience leads to an increase in your attributes!
Increase (S)trength, (I)ntelligence, or (D)exterity?
You feel agile. x2
Fire: a) +0 shortbow
Press: ? - help, Q - select action Shift-Dir - straight line, f - endoplasm
Aim: an endoplasm (87% to hit)
You shoot an arrow. The arrow hits the endoplasm.
The endoplasm is heavily wounded.
The endoplasm freezes you.
You are frozen.
* * * LOW HITPOINT WARNING * * *
The endoplasm freezes you.
You are frozen.
You die...

..## #..........# ..
####.######## .. #.#
#...# .. #.# #.#.# ..
####.# #.#.#### #....#
#.#....# #.#..#
#.#.##.# .
#.#..####.#†.#.# ..
#.#..KJ@..##.#.# ...
#.#...##.....#.#
....###+#...##.#####.#
.#..†.......##.......#
...........K##########
#.....)....#
#.....>....#
#.........†....
#...............


You could see an endoplasm and a kobold.

Vanquished Creatures
  A dart slug (D:1)
  5 endoplasms (D:1)
  2 giant cockroaches (D:1)
  4 hobgoblins (D:1)
  A ball python (D:1)
  2 bats (D:1)
  2 goblins (D:1)
  2 kobolds (D:1)
19 creatures vanquished.

Notes
Turn   | Place    | Note
-------+----------+-------------------------------------------
     0 | D:1      | Ordine the Tengu Hunter began the quest for the Orb.
     0 | D:1      | Reached XP level 1. HP: 12/12 MP: 2/2
   109 | D:1      | Reached XP level 2. HP: 17/17 MP: 3/3
   423 | D:1      | Reached XP level 3. HP: 8/21 MP: 4/4
   423 | D:1      | Frozen to death by an endoplasm

Illustrated notes

Levels and vault maps discovered:
D:1:      dpeg_arrival_fog, layout_basic

Action                   || total
-------------------------++-------
 Fire: Shortbow          ||    54
Armor: Leather armour    ||     5
Dodge: Dodged            ||    12
